 Dungeon Crawl Stone Soup version 0.18-a0-1800-gdc7a371 (webtiles) character file.

122023 Laan the Executioner (level 16, -1/235 HPs)
             Began as a Minotaur Berserker on Apr 24, 2016.
             Was the Champion of Trog.
             Slain by a sun demon (22 damage)
             ... on level 2 of the Orcish Mines.
             The game lasted 01:13:23 (26844 turns).

Laan the Executioner (Minotaur Berserker)          Turns: 26844, Time: 01:13:24

Health: -1/235     AC: 26    Str: 35    XL:     16   Next: 33%
Magic:  15/15      EV: 10    Int:  4    God:    Trog [******]
Gold:   2805       SH:  6    Dex:  9    Spells: 0 memorised, 15 levels left

rFire  x . .     SeeInvis .     b - +9 battleaxe (venom)
rCold  . . .     Gourm    .     r - +2 plate armour {MR+}
rNeg   + . .     Faith    .     (shield currently unavailable)
rPois  .         Spirit   .     (helmet restricted)
rElec  .         Dismiss  .     m - +1 cloak
rCorr  .         Reflect  +     (no gloves)
SustAt .         Harm     .     Z - +2 pair of boots of Unreason {+Blink rF- rN+ MR+}
MR     ++++.                    V - +6 amulet of reflection
Stlth  ..........               v - ring of protection from magic
                                I - +3 ring of slaying

@: berserking (expiring), very quick, incredibly resistant to hostile
enchantments, extremely unstealthy
A: retaliatory headbutt, horns 2, wild magic 1, evolution 1
a: Berserk, Trog's Hand, Brothers in Arms, Burn Spellbooks, Renounce Religion,
Evoke Blink


You were on level 2 of the Orcish Mines.
You worshipped Trog.
Trog was exalted by your worship.
You were not hungry.

You visited 3 branches of the dungeon, and saw 25 of its levels.
You also visited: Ice Cave.

You collected 3022 gold pieces.
You spent 217 gold pieces at shops.

Inventory:

Hand Weapons
 a - a +7 broad axe of flaming
 b - a +9 battleaxe of venom (weapon)
 d - the +4 triple crossbow of Trog {elec, rElec rC+ rN+}
   (Trog gifted it to you on level 7 of the Lair of Beasts)

   It charges the ammunition it shoots with electricity; occasionally upon a
   hit, such missiles may discharge and cause terrible harm.
   It protects you from cold.
   It insulates you from electricity.
   It protects you from negative energy.
Armour
 i - a +2 large shield
 j - a +1 chain mail of fire resistance
 m - a +1 cloak (worn)
 r - a +2 plate armour of magic resistance (worn)
 A - a +3 plate armour
 Z - the +2 pair of boots of Unreason (worn) {+Blink rF- rN+ MR+}
   (You found it on level 5 of the Lair of Beasts)

   It makes you vulnerable to fire.
   It protects you from negative energy.
   It affects your resistance to hostile enchantments.
   It lets you blink.
Jewellery
 v - a ring of protection from magic (right hand)
 B - an uncursed ring of protection from cold
 I - a +3 ring of slaying (left hand)
 J - an uncursed ring of see invisible
 M - an uncursed ring of sustain attributes
 V - a +6 amulet of reflection (around neck)
 W - an uncursed ring of protection from fire
 Y - an uncursed ring of poison resistance
Wands
 z - a wand of lightning (5/15)
 H - a wand of iceblast (8/15)
 N - a wand of digging (17/24)
 O - a wand of acid (15/15)
Scrolls
 e - 16 scrolls of remove curse
 g - 2 scrolls of magic mapping
 o - 6 scrolls of teleportation
 q - 4 scrolls of recharging
 s - 7 scrolls of identify
 x - 2 scrolls of blinking
 K - 5 scrolls of enchant weapon
 Q - 2 scrolls of enchant armour
Potions
 f - 5 potions of curing
 h - 2 potions of flight
 k - 5 potions of agility
 p - a potion of cancellation
 t - 5 potions of might
 u - a potion of cure mutation
 y - 4 potions of resistance
 D - 6 potions of heal wounds
 L - a potion of haste
Comestibles
 c - 7 bread rations
 l - 3 chunks of flesh
 n - 18 meat rations
 S - a royal jelly


   Skills:
 + Level 17.8 Fighting
 + Level 22.0 Axes
 + Level 17.5 Armour
 - Level 2.4 Dodging


You had 15 spell levels left.
You didn't know any spells.

Dungeon Overview and Level Annotations

Branches:
Dungeon (15/15)            Temple (0/1) D:7            Lair (8/8) D:9
  Swamp (0/4) Lair:5        Snake (0/4) Lair:6        Slime (0/6) Lair:7
    Orc (2/2) D:9             Elf (0/3) Orc:2        Vaults (0/5) D:14
 Depths (0/5) D:15

Altars:
Ashenzari
Cheibriados
Dithmenos
Fedhas
Makhleb
Nemelex Xobeh
Trog
Vehumet
Xom
Beogh
Jiyva

Shops:
Orc:2 ?*


Innate Abilities, Weirdness & Mutations

You reflexively headbutt those who attack you in melee.
You have a pair of horns on your head.
Your spells are a little harder to cast, but a little more powerful.
You evolve.


Message History

Trog accepts your kill.
Your life force feels restored.
You completely miss the orc priest. You hit the sun demon.
The sun demon is poisoned.
The sun demon is lightly wounded.
You hit the orc warrior.
The orc warrior is poisoned.
The orc warrior is lightly wounded.
An orc high priest comes into view. It is wielding a scimitar.
Your plate armour prevents you from hitting the orc warrior.
You headbutt the orc warrior!
The orc warrior is heavily wounded.
Your plate armour prevents you from hitting the sun demon.
The sun demon is lightly wounded.
You slash the orc priest!
You kill the orc priest!
Trog accepts your kill. The sun demon hits you!
* * * LOW HITPOINT WARNING * * *
You are engulfed in flames!!
The fire burns you terribly!
You die...

....#...# ##.......... ..#....#
#.###......... #.....# ...
##........ ..#..##
.....###....... #.....##
o...###........ ..#....##
#5#.###......... ...)#.).##
##..5# #.......... #))(.()..##
##o53####.......... ##).###.).##
##.@)###..#.......).
###()###...###.)3###...........).
.###))###...#...###.............)
..###..###.#.#.###...............
...###..###...###................
....###..###.###.................
.....###..#####..................
......###..###.........).........
.......##...#....................


You could see an orc high priest, a sun demon, a neqoxec, an orc warrior, a
quasit, a crimson imp and an ufetubus.

Vanquished Creatures
  Agnes (D:14)
  Maud (Lair:8)
  A stone giant (Orc:2)
  Nessos (Lair:5)
  8 vault guards
  2 ogre magi (D:15)
  2 great orbs of eyes (D:14)
  A yaktaur captain (D:15)
  9 hydras
  2 ice dragons (IceCv)
  5 centaur warriors (D:14)
  A death knight (D:11)
  4 catoblepae
  16 death yaks
  The ghost of OreoMilkShake the Spear-Bearer, a novice MfSk of Pakellas (D:9)
  An orc high priest (Orc:2)
  Sonja (D:15)
  Nergalle (D:12)
  A soul eater (Orc:2)
  A hell knight (D:15)
  A skeletal warrior (D:11)
  5 unseen horrors
  2 lindwurms
  A phantasmal warrior (D:11)
  4 hill giants
  2 deep elf magi (D:14)
  3 griffons
  A wolf spider (D:15)
  4 orc knights
  2 orc sorcerers
  13 ugly things
  8 cyclopes
  A hornet (D:14)
  Joseph (Lair:1)
  5 black mambas
  8 elephants (Lair:7)
  2 molten gargoyles (Lair:3)
  Maurice (D:13)
  10 spiny frogs
  2 ice statues (IceCv)
  2 gargoyles
  2 torpor snails
  6 komodo dragons
  An efreet (D:14)
  2 rime drakes
  2 kobold demonologists
  An ice devil (Orc:2)
  A merfolk (shapeshifter) (D:14)
  2 tengu conjurers (D:15)
  A harpy zombie (D:15)
  A hellwing (Orc:2)
  2 trolls (D:13)
  Prince Ribbit (D:6)
  3 two-headed ogres
  A boulder beetle (Lair:8)
  20 slime creatures
  12 blink frogs
  2 shadows
  2 centaur simulacra (D:14)
  A water elemental (D:14)
  3 wyverns
  56 yaks
  4 wraiths
  A ynoxinul (Orc:2)
  14 hippogriffs
  6 basilisks
  6 vampire mosquitoes (D:14)
  5 hungry ghosts
  Menkaure (D:4)
  7 wargs
  Grum (Lair:1)
  2 nagas (Lair:6)
  2 soldier ants
  17 water moccasins
  Duvessa (D:6)
  11 porcupines
  3 phantoms
  36 orc warriors
  2 sky beasts
  19 ice beasts
  A wasp (D:12)
  2 black bears
  12 ogres
  2 eyes of draining (D:11)
  A necrophage (D:5)
  5 wolves
  11 centaurs
  A big kobold (D:11)
  22 crocodiles
  A gnoll sergeant (D:9)
  20 giant frogs
  Dowan (D:6)
  A wyvern skeleton (D:12)
  6 scorpions
  12 killer bees
  13 wights
  3 howler monkeys
  5 lava snakes (Lair:3)
  4 crimson imps
  7 centaur zombies
  A quasit (D:11)
  2 wasp zombies
  6 hounds
  5 jellies
  Crazy Yiuf (D:6)
  31 orc priests
  30 orc wizards
  9 centaur skeletons
  3 giant frog skeletons
  14 iguanas
  9 worker ants
  A killer bee zombie (D:9)
  7 sheep
  A hound zombie (D:5)
  4 hound skeletons
  2 howler monkey zombies (D:5)
  4 worker ant zombies
  13 gnolls
  11 adders
  17 river rats
  4 shadow imps
  5 oozes
  2 adder zombies (D:5)
  2 adder skeletons
  2 worms
  2 dart slugs
  9 giant geckos
  102 orcs
  2 ball pythons
  19 bats
  4 giant cockroaches
  7 goblins
  6 hobgoblins
  5 jackals (D:3)
  13 kobolds
  2 quokkas (D:7)
  A giant gecko skeleton (D:5)
  6 giant newts
  A jackal skeleton (D:6)
  A quokka skeleton (D:7)
  3 quokka zombies (D:5)
  12 rats
  A butterfly (Lair:8)
  6 fungi
  9 plants
925 creatures vanquished.

Vanquished Creatures (others)
  13 fungi (D:9)
  A plant (Lair:5)
  A withered plant (D:5)
15 creatures vanquished.

Grand Total: 940 creatures vanquished

Notes
Turn   | Place    | Note
--------------------------------------------------------------
     0 | D:1      | Laan the Minotaur Berserker began the quest for the Orb.
     0 | D:1      | Reached XP level 1. HP: 19/19 MP: 0/0
    73 | D:1      | Reached XP level 2. HP: 16/27 MP: 1/1
   296 | D:1      | Reached skill level 4 in Axes
   455 | D:1      | Reached XP level 3. HP: 33/33 MP: 2/2
   495 | D:2      | Found a faded altar to an unknown god.
   499 | D:2      | Reached ** piety under Trog
   996 | D:2      | Reached skill level 5 in Axes
  1335 | D:3      | Reached XP level 4. HP: 40/40 MP: 3/3
  1880 | D:4      | Reached *** piety under Trog
  1880 | D:4      | Reached skill level 6 in Axes
  1880 | D:4      | Reached XP level 5. HP: 46/46 MP: 4/4
  1882 | D:4      | Reached skill level 7 in Axes
  1895 | D:4      | Reached XP level 6. HP: 45/52 MP: 5/5
  1984 | D:4      | Found a sparkling altar of Nemelex Xobeh.
  1984 | D:4      | Found a snail-covered altar of Cheibriados.
  1985 | D:4      | Found a burning altar of Makhleb.
  1985 | D:4      | Noticed Menkaure
  2013 | D:4      | Killed Menkaure
  2013 | D:4      | Reached skill level 8 in Axes
  2027 | D:4      | Found a shadowy altar of Dithmenos.
  2029 | D:4      | Found a bloodstained altar of Trog.
  2030 | D:4      | Found a radiant altar of Vehumet.
  2030 | D:4      | Found a shattered altar of Ashenzari.
  2075 | D:4      | Reached skill level 9 in Axes
  2389 | D:4      | Reached XP level 7. HP: 58/58 MP: 6/6
  2701 | D:5      | Entered Level 5 of the Dungeon
  2720 | D:5      | Reached skill level 10 in Axes
  2981 | D:5      | Reached skill level 11 in Axes
  3054 | D:5      | Reached **** piety under Trog
  3117 | D:5      | Reached XP level 8. HP: 58/66 MP: 7/7
  3374 | D:5      | Found a blossoming altar of Fedhas.
  3728 | D:5      | Reached skill level 12 in Axes
  4329 | D:6      | Noticed Duvessa
  4329 | D:6      | Noticed Dowan
  4346 | D:6      | Killed Duvessa
  4354 | D:6      | Killed Dowan
  4354 | D:6      | Reached skill level 13 in Axes
  4769 | D:6      | Reached XP level 9. HP: 60/71 MP: 8/8
  4800 | D:6      | Noticed Crazy Yiuf
  4809 | D:6      | Killed Crazy Yiuf
  5179 | D:6      | Noticed Prince Ribbit
  5190 | D:6      | Killed Prince Ribbit
  5190 | D:6      | Reached skill level 14 in Axes
  5478 | D:7      | Found a staircase to the Ecumenical Temple.
  5966 | D:7      | Reached skill level 15 in Axes
  6007 | D:7      | You fall through a shaft for 2 floors!
  6016 | D:9      | Reached ***** piety under Trog
  6439 | D:8      | Got a scorched chain mail
  6450 | D:8      | Identified the cursed +0 chain mail of Amihogup {Int+8} (You found it on level 8 of the Dungeon)
  6540 | D:8      | Received a gift from Trog
  6873 | D:8      | You fall through a shaft for 3 floors!
  6939 | D:11     | Reached XP level 10. HP: 80/80 MP: 9/9
  6994 | D:10     | Entered Level 10 of the Dungeon
  7117 | D:10     | Noticed a gargoyle
  7129 | D:10     | Reached skill level 5 in Fighting
  7137 | D:10     | Killed a gargoyle
  7137 | D:10     | Reached skill level 16 in Axes
  7516 | D:9      | Reached skill level 5 in Armour
  7846 | D:9      | Found a staircase to the Orcish Mines.
  7957 | D:8      | Found a sparkling altar of Nemelex Xobeh.
  8638 | D:9      | Noticed OreoMilkShake's ghost (novice MfSk)
  8666 | D:9      | Killed OreoMilkShake's ghost
  8749 | D:9      | Received a gift from Trog
  8980 | D:9      | Found a staircase to the Lair.
  8989 | D:9      | Reached XP level 11. HP: 39/94 MP: 3/10
  9440 | D:10     | Noticed a five-headed hydra
  9449 | D:10     | Killed a one-headed hydra
 10034 | D:11     | Noticed a catoblepas
 10037 | D:11     | Noticed a skeletal warrior
 10041 | D:11     | Killed a catoblepas
 10041 | D:11     | Reached skill level 17 in Axes
 10045 | D:11     | Noticed a phantasmal warrior
 10046 | D:11     | Killed a skeletal warrior
 10054 | D:11     | Killed a phantasmal warrior
 10384 | D:11     | Noticed a death knight
 10398 | D:11     | Killed a death knight
 10918 | D:11     | Noticed a hill giant
 10932 | D:11     | Killed a hill giant
 10968 | D:11     | Noticed a six-headed hydra
 10973 | D:11     | Killed a four-headed hydra
 10973 | D:11     | Reached skill level 10 in Fighting
 10973 | D:11     | Reached skill level 10 in Armour
 11094 | D:11     | Reached XP level 12. HP: 100/106 MP: 11/11
 11662 | D:12     | Noticed Nergalle
 11670 | D:12     | Killed Nergalle
 11671 | D:12     | Received a gift from Trog
 11801 | D:12     | Reached skill level 18 in Axes
 13168 | D:13     | Noticed Maurice
 13334 | D:13     | Killed Maurice
 14187 | D:14     | Noticed a centaur warrior
 14197 | D:14     | Killed a centaur warrior
 14386 | D:14     | Noticed a great orb of eyes
 14390 | D:14     | Reached XP level 13. HP: 119/119 MP: 12/12
 14803 | D:14     | Reached skill level 19 in Axes
 14893 | D:14     | Reached ****** piety under Trog
 15983 | D:14     | Received a gift from Trog
 15995 | D:14     | Noticed a vault guard
 16008 | D:14     | Killed a vault guard
 16011 | D:14     | Noticed a vault guard
 16035 | D:14     | Killed a vault guard
 16035 | D:14     | Reached XP level 14. HP: 89/132 MP: 4/13
 16328 | D:14     | Found a gate to the Vaults.
 16487 | D:15     | Entered Level 15 of the Dungeon
 16487 | D:15     | Noticed Agnes
 16500 | D:15     | Noticed Sonja
 16507 | D:14     | Killed Agnes
 16507 | D:14     | Reached skill level 20 in Axes
 16909 | D:15     | Killed Sonja
 17608 | D:14     | Reached skill level 15 in Fighting
 17733 | D:15     | Reached skill level 15 in Armour
 18055 | D:15     | Found a staircase to the Depths.
 18379 | Lair:1   | Entered Level 1 of the Lair of Beasts
 18395 | Lair:1   | Noticed Joseph
 18410 | Lair:1   | Killed Joseph
 18564 | Lair:1   | Found a frozen archway.
 18573 | IceCv    | Entered an ice cave
 18597 | IceCv    | Received a gift from Trog
 19135 | Lair:1   | Noticed Grum
 19142 | Lair:1   | Killed Grum
 20694 | Lair:3   | Reached XP level 15. HP: 143/143 MP: 14/14
 20853 | Lair:3   | Received a gift from Trog
 21148 | Lair:4   | Found a shimmering altar of Xom.
 21915 | Lair:5   | Noticed Nessos
 21921 | Lair:5   | Killed Nessos
 21928 | Lair:5   | Got a pair of twisted boots
 21934 | Lair:5   | Identified the +2 pair of boots of Unreason {+Blink rF- rN+ MR+} (You found it on level 5 of the Lair of Beasts)
 21993 | Lair:5   | Found a staircase to the Swamp.
 22030 | Lair:5   | Found a shattered altar of Ashenzari.
 22437 | Lair:6   | Reached skill level 21 in Axes
 22466 | Lair:6   | Gained mutation: Your spells are a little harder to cast, but a little more powerful. [potion of beneficial mutation]
 22467 | Lair:6   | Gained mutation: You evolve. [potion of beneficial mutation]
 22521 | Lair:6   | Received a gift from Trog
 23031 | Lair:6   | Found a staircase to the Snake Pit.
 23477 | Lair:7   | Found a staircase to the Slime Pits.
 23477 | Lair:7   | Found a viscous altar of Jiyva.
 24096 | Lair:8   | Entered Level 8 of the Lair of Beasts
 24587 | Lair:8   | Received a gift from Trog
 24866 | Lair:8   | Noticed Maud
 24877 | Lair:8   | Killed Maud
 24882 | Lair:8   | Reached XP level 16. HP: 118/155 MP: 15/15
 25331 | Lair:7   | Received a gift from Trog
 25334 | Lair:7   | Got a bone triple crossbow {god gift}
 25335 | Lair:7   | Identified the +4 triple crossbow of Trog {elec, rElec rC+ rN+} (Trog gifted it to you on level 7 of the Lair of Beasts)
 25542 | Orc:1    | Entered Level 1 of the Orcish Mines
 25709 | Orc:2    | Entered Level 2 of the Orcish Mines
 26324 | Orc:2    | Received a gift from Trog
 26357 | Orc:2    | Found a staircase to the Elven Halls.
 26551 | Orc:2    | Found a roughly hewn altar of Beogh.
 26613 | Orc:2    | Found Vaohid's General Store.
 26632 | Orc:2    | Reached skill level 22 in Axes
 26638 | Orc:2    | Found Saickis's Magic Scroll Shoppe.
 26810 | Orc:2    | Bought a scroll of enchant armour for 112 gold pieces
 26812 | Orc:2    | Bought a scroll of enchant weapon for 105 gold pieces
 26844 | Orc:2    | Slain by a sun demon

Vault maps used:
D:1:      lemuel_arrival_lava_pool, corexii_hall_statues_l
D:2:      ecumenical_altar_2
D:3:      minmay_splitting_lines
D:4:      grunt_temple_overflow_open, first_bread, patterned_corridor,
          uniq_menkaure
D:5:      old_standard_altar, serial_undead, serial_undead_b, serial_undead_c,
          serial_undead_f, serial_undead_a, hangedman_decor_diamond_cutter,
          nicolae_zen_rock_garden, kennysheep_generic_room_12
D:6:      uniq_crazy_yiuf_cottage, uniq_prince_ribbit1, uniq_duvessa
D:7:      minmay_temple_entry_statues_fountains
D:8:      nemelex_xobeh_ov_fountains_minmay
D:9:      grunt_lair_entry_orc_guard_hut, minmay_orc_entry_guard_dogs
D:10:     minmay_opposing_rooms
D:12:     uniq_nergalle
D:13:     uniq_maurice
D:14:     minmay_quarter_circles, erik_vaults_2, fountainhead
D:15:     hangedman_depths_entry_civil_slaughter, uniq_agnes, uniq_sonja
Lair:1:   enter_volcano_1, portal_ice_cave_entry_pillars_02, uniq_grum,
          uniq_joseph
Lair:3:   cheibrodos_magma_flow
Lair:4:   basic_altar
Lair:5:   minmay_swamp_entry_reptiles, basic_altar, uniq_nessos
Lair:6:   guppyfry_snake_entry_island
Lair:7:   slime_altar_1
Lair:8:   evilmike_catoblepas_cave, lemuel_fruit_fields, serial_bayou_shore_b,
          uniq_maud
Orc:2:    pf_orc_diabolical, basic_altar
IceCv:    ice_cave_small_dragons

Skill      XL: |  1  2  3  4  5  6  7  8  9 10 11 12 13 14 15 16 |
---------------+-------------------------------------------------+-----
Armour         | 3 7 10 12 14 15 17 | 17.5
Axes           | 4 5 6 7 9 11 13 15 16 17 18 19 20 21 22 | 22.0
Fighting       | 4 7 10 12 14 15 17 | 17.8
Dodging        | |  2.4

Action                   |  1- 3 |  4- 6 |  7- 9 | 10-12 | 13-15 | 16-18 || total
-------------------------+-------+-------+-------+-------+-------+-------++-------
Melee: Hand axe          |    61 |   117 |   358 |       |       |       ||   536
       Headbutt          |    11 |    20 |    88 |   116 |   228 |    52 ||   515
       Battleaxe         |       |       |    30 |   228 |   348 |   218 ||   824
       War axe           |       |       |    30 |       |       |       ||    30
       Executioner's axe |       |       |       |   186 |       |       ||   186
       Broad axe         |       |       |       |   212 |   517 |    14 ||   743
Invok: Berserk           |       |     2 |     4 |     9 |     6 |     1 ||    22
       Burn Spellbooks   |       |       |       |     1 |     2 |       ||     3
       Trog's Hand       |       |       |       |       |     2 |       ||     2
Evoke: Wand              |       |       |     1 |     1 |       |       ||     2
  Use: Potion            |       |     1 |     1 |       |     3 |       ||     5
       Scroll            |       |       |     1 |     6 |    26 |     1 ||    34
 Stab: Paralysed         |       |       |     1 |       |       |       ||     1
       Distracted        |       |       |       |     1 |       |       ||     1
       Petrifying        |       |       |       |       |     1 |       ||     1
  Eat: Chunk             |       |     6 |    21 |    25 |    26 |     6 ||    84
       Fruit             |       |       |     1 |     3 |       |     1 ||     5
       Bread ration      |       |       |     2 |     2 |     1 |       ||     5
       Beef jerky        |       |       |       |     2 |     2 |       ||     4
       Pizza             |       |       |       |     1 |     4 |       ||     5
Armor: Animal skin       |     7 |       |       |       |       |       ||     7
       Scale mail        |     8 |    58 |    58 |       |       |       ||   124
       Chain mail        |       |       |    70 |   276 |   104 |       ||   450
       Plate armour      |       |       |       |       |   368 |    85 ||   453
Dodge: Dodged            |    42 |    51 |   179 |   252 |   261 |    60 ||   845
Block: Other             |       |       |       |       |    57 |    46 ||   103
       Reflection        |       |       |       |       |     1 |     2 ||     3
